Map: Ruins of Seras

Players

MorN

  • Race: Terran Terran
  • League: Master

IIIIIIIIIIII - Winner!

  • Race: Zerg Zerg

VOD

Have the link to the VOD?

Description

Time

  • Played on: Dec. 7, 2015, 3:30 a.m.
  • Length: 12:23
Show
View Real Time Build Order
Export as new Build Order

MorN Terran 

Build Orders: Reaper Expand, MMM Bio 

Get SALT Encoding   

  12  0:00  SCV  
  13  0:13  SCV  
  14  0:18  Supply Depot  
  14  0:25  SCV  
  15  0:39  SCV  
  15  0:41  Barracks  
  16  0:44  Refinery  
  16  0:51  SCV  
  17  1:04  SCV  
  18  1:16  SCV  
  19  1:28  Reaper, Orbital Command  
  20  1:42  Command Center  
  20  1:51  Supply Depot  
  20  1:54  SCV  
  21  2:07  Barracks Reactor  
  21  2:09  Barracks  
  21  2:11  SCV  
  22  2:19  Barracks  
  22  2:31  Factory  
  22  2:37  SCV  
  22  2:38  Refinery  
  23  2:46  Marine x2  
  23  2:49  SCV  
  26  3:02  SCV  
  26  3:05  Marine x2  
  28  3:06  Barracks Tech Lab  
  28  3:07  Marine  
  30  3:23  Marine x2  
  30  3:24  Marine  
  30  3:25  Starport  
  32  3:35  Stimpack  
  32  3:40  Orbital Command  
  32  3:41  Marine  
  33  3:44  Factory Reactor  
  33  3:47  Marine  
  33  3:48  Marine  
  35  3:51  SCV  
  36  3:57  Marine  
  36  3:59  Supply Depot  
  37  4:04  SCV  
  37  4:07  SCV  
  39  4:13  Marine x2  
  39  4:16  SCV  
  42  4:19  SCV  
  42  4:21  Supply Depot  
  42  4:24  Marine x2  
  45  4:28  SCV  
  46  4:31  Medivac x2  
  46  4:32  SCV  
  51  4:40  SCV  
  51  4:42  Supply Depot, Factory Reactor, Marauder  
  51  4:44  Barracks Tech Lab  
  54  4:49  Supply Depot, SCV  
  55  4:54  Marine x2  
  55  4:59  SCV  
  58  5:03  Marauder, Marine  
  58  5:07  Medivac  
  63  5:10  Refinery  
  63  5:19  Marine x2  
  63  5:21  Marine  
  66  5:22  Bunker  
  66  5:24  SCV  
  66  5:25  Marauder  
  66  5:27  Widow Mine  
  71  5:28  SCV  
  71  5:33  Supply Depot  
  72  5:37  Marine  
  70  5:58  Marine x2  
  70  5:59  Medivac x2, Marauder x2  
  80  6:10  Widow Mine x2  
  81  6:16  Command Center, SCV, Marine x2  
  84  6:21  Marauder  
  86  6:29  Marine  
  83  6:34  Marine x2  
  86  6:40  SCV x2  
  86  6:41  Barracks  
  86  6:42  Barracks  
  86  6:43  Marine  
  86  6:47  Marine  
  85  6:52  Marine  
  85  6:54  Marine  
  83  7:02  Marauder  
  83  7:04  Marine  
  83  7:07  Engineering Bay  
  86  7:09  Supply Depot  
  86  7:10  Supply Depot, Engineering Bay  
  86  7:27  Marine x3, Marauder  
  86  7:28  Medivac x2  
  85  7:40  Barracks Reactor x2  
  85  7:42  Terran Infantry Weapons Level 1, Terran Infantry Armor Level 1, SCV  
  87  7:44  SCV, Refinery  
  87  7:45  Marine x2, Orbital Command  
  87  7:46  Marauder  
  91  7:51  Marine  
  91  7:54  SCV  
  91  7:56  SCV  
  94  8:03  Marine  
  93  8:07  Marauder  
  93  8:10  Orbital Command  
  93  8:12  Marine x2  
  90  8:13  Medivac x2, Widow Mine x2  
  90  8:16  Combat Shields  
  90  8:19  SCV x2  
  101  8:25  Supply Depot  
  101  8:29  Marauder  
  101  8:31  SCV  
  104  8:38  Marine x2  
  104  8:39  Marauder  
  99  8:43  Medivac  
  98  8:48  Marine x2  
  98  8:50  Marauder  
  98  8:52  Marine x2  
  98  8:56  Marine  
  98  9:00  Marauder  
  95  9:05  Marine  
  95  9:06  Marine  
  95  9:07  Supply Depot  
  95  9:09  Armory  
  87  9:11  Marauder  
  87  9:14  Marine  
  87  9:15  Widow Mine, Marine x2  
  94  9:22  Marauder  
  94  9:23  Marine x2  
  98  9:30  Marine  
  99  9:33  Marine x2, Marauder  
  103  9:38  Marine  
  103  9:43  Marauder  
  103  9:44  Marine  
  107  9:54  Marauder  
  109  10:00  Marine x3  
  109  10:01  Terran Infantry Weapons Level 2, Terran Infantry Armor Level 2  
  109  10:03  SCV x3, Supply Depot  
  109  10:04  Marauder  
  109  10:07  Marine  
  109  10:10  Marine x2  
  110  10:15  SCV x3  
  110  10:16  Marauder  
  110  10:17  Marine  
  110  10:18  Marine x2  
  118  10:25  Marine  
  118  10:26  Marauder  
  118  10:27  SCV x3, Marine x2  
  125  10:37  Marauder  
  125  10:39  SCV x2  
  125  10:40  SCV  
  129  10:47  Marauder  
  129  10:49  Command Center  
  131  10:50  Marine  
  131  10:51  SCV x2, Refinery  
  131  10:52  Refinery  
  134  11:04  Marine x2, Medivac x2  
  134  11:09  Marine  
  141  11:13  Supply Depot  
  141  11:14  Supply Depot  
  141  11:16  Supply Depot  
  141  11:18  Marine  
  141  11:30  Marauder x2  
  111  11:38  Marine  
  111  11:39  Marine x3  
  85  11:42  Marine  
  85  11:43  Marine  
  86  11:49  Barracks  
  86  11:50  Barracks x2  
  86  11:51  Marine, Marauder  
  89  11:56  Marine x2  
  89  12:00  Starport  
  89  12:01  Marine x2  
Show
View Real Time Build Order
Export as new Build Order

IIIIIIIIIIII Zerg - Winner!

Build Orders: Hatch First, Lurkers 

Get SALT Encoding   

  12  0:00  Drone  
  13  0:12  Overlord  
  13  0:17  Drone  
  14  0:30  Drone x2  
  14  0:34  Drone  
  17  0:44  Extractor  
  17  0:45  Drone  
  17  0:58  Hatchery  
  17  1:02  Drone  
  17  1:18  Spawning Pool  
  17  1:22  Drone  
  17  1:25  Drone  
  17  1:30  Drone  
  19  1:40  Overlord  
  19  1:53  Drone  
  20  2:00  Drone  
  21  2:04  Queen  
  21  2:05  Metabolic Boost  
  23  2:11  Zergling x4  
  25  2:22  Drone x2  
  26  2:39  Drone x2  
  28  2:47  Overlord  
  28  2:48  Queen  
  28  2:49  Drone  
  28  2:50  Queen  
  33  2:53  Drone  
  34  3:02  Extractor  
  33  3:09  Overlord  
  33  3:12  Drone  
  34  3:20  Drone x3  
  34  3:21  Drone x2  
  34  3:23  Drone  
  34  3:25  Drone  
  41  3:28  Queen  
  41  3:29  Overlord  
  43  3:36  Drone  
  44  3:45  Hatchery  
  44  3:48  Zergling x4  
  44  3:51  Drone  
  45  3:57  Roach Warren  
  45  3:58  Drone  
  45  4:00  Drone x2, Extractor  
  46  4:04  Drone, Extractor  
  46  4:06  Drone x2  
  46  4:08  Drone  
  49  4:10  Drone  
  49  4:15  Drone  
  51  4:18  Overlord  
  51  4:22  Drone  
  52  4:28  Drone  
  53  4:33  Evolution Chamber, Drone  
  53  4:36  Drone x2  
  53  4:37  Drone x3, Extractor  
  57  4:44  Roach  
  59  4:51  Roach x2  
  63  4:57  Roach, Queen  
  63  4:59  Overlord  
  67  5:01  Zerg Ground Armor Level 1  
  67  5:02  Roach x2  
  67  5:06  Roach  
  73  5:18  Drone  
  73  5:19  Roach x4  
  73  5:20  Overlord  
  73  5:21  Overlord  
  81  5:33  Overlord x2  
  81  5:36  Lair  
  81  5:42  Ravager  
  82  5:43  Ravager x4  
  80  5:50  Zergling x4  
  82  6:01  Zergling x10  
  82  6:02  Zergling x8  
  91  6:04  Zergling x2  
  91  6:16  Drone x2  
  91  6:17  Drone  
  91  6:18  Drone x2  
  96  6:25  Drone x3  
  99  6:38  Drone x3  
  100  6:42  Spore Crawler  
  100  6:44  Spore Crawler  
  100  6:45  Drone x4  
  99  6:49  Hatchery  
  99  6:53  Hydralisk Den  
  96  7:01  Zerg Ground Armor Level 2  
  96  7:06  Drone x4  
  96  7:07  Evolution Chamber  
  96  7:08  Drone, Extractor  
  98  7:09  Drone x3  
  98  7:10  Drone, Queen  
  98  7:11  Extractor  
  104  7:25  Drone x2  
  104  7:26  Zergling x2  
  104  7:27  Zergling x2  
  104  7:35  Zergling x2  
  104  7:37  Hydralisk x6  
  93  7:40  Overlord  
  93  7:41  Overlord  
  105  7:46  Zerg Missile Weapons Level 1  
  105  7:50  Overlord x3  
  105  7:52  Lurker Den  
  102  8:06  Zergling x2  
  102  8:07  Zergling x4  
  105  8:13  Drone x4  
  105  8:14  Queen  
  105  8:17  Extractor  
  110  8:20  Spore Crawler x2  
  110  8:22  Spore Crawler, Spine Crawler  
  110  8:23  Queen  
  110  8:26  Drone x4  
  112  8:29  Drone  
  110  8:40  Zergling x8  
  110  8:41  Zergling x10  
  108  8:51  Zergling x4  
  108  8:52  Zergling x6  
  105  9:03  Zergling x8  
  108  9:14  Drone x2  
  108  9:15  Drone x6  
  116  9:19  Drone  
  116  9:22  Zergling x4  
  119  9:28  Lurker x5  
  124  9:33  Zergling x6  
  124  9:36  Drone  
  128  9:43  Spore Crawler  
  128  9:45  Spore Crawler, Zergling x8  
  114  9:53  Hydralisk x5  
  114  9:54  Hydralisk x4  
  132  10:08  Drone x3  
  132  10:09  Drone  
  132  10:12  Hatchery  
  134  10:21  Lurker  
  134  10:22  Lurker x8  
  143  10:31  Overlord  
  143  10:32  Overlord  
  143  10:49  Extractor  
  142  10:52  Extractor  
  142  10:55  Muscular Augments  
  141  10:57  Infestation Pit  
  128  11:25  Zergling x2  
  128  11:26  Hydralisk x8, Zergling x12  
  128  11:32  Hydralisk x2  
  133  11:33  Hydralisk x6  
  133  11:34  Hydralisk x2  
  133  11:35  Zergling x2  
  133  11:39  Ravager x3  
  153  11:44  Drone  
  154  11:51  Drone x7  
  154  11:52  Drone  
  162  12:02  Zergling x10  
Tags
 
Add a new tag
Caveats
  • Supply blocks, unpowered buildings, or Contaminate may cause inaccurate times.
  • Supply counts are checked every 10 seconds.